details: '12 minute tree hide challenged to 1v1'

« prev index next »

General information

Mini Map

Players

team 1
NightElfTeam3 (red | 34 APM | 417 actions | 12:19)

» actions
Basic commands1
ESC pressed1
Enter build submenu2
Right click350
Select / deselect27
Use ability36
417 total
» buildings
Tree of Life1
1 total
» build order
02:09 Tree of Life
team 2
UndeadOni- (blue | 56 APM | 690 actions | 12:17)
Hero icon 3 Death Knight
Ability icon 2 Death Coil
Ability icon 1 Unholy Aura
Hero icon 1 Lich
Ability icon 1 Frost Nova

» actions
Assign group hotkey19
Build / train36
Enter build submenu13
Enter hero's abilities submenu4
Right click365
Select / deselect132
Select group hotkey89
Use ability32
690 total
» units
Acolyte8
Ghoul2
Crypt Fiend8
Obsidian Statue2
Goblin Zeppelin1
21 total
» upgrades
Creature Attack2
Web1
3 total
» buildings
Crypt1
Graveyard1
Ziggurat5
Altar of Darkness1
Tomb of Relics1
Halls of the Dead1
Spirit Tower2
Nerubian Tower1
Slaughterhouse1
Necropolis1
Black Citadel1
16 total
» build order
00:07 Crypt
00:08 Graveyard
00:41 Ziggurat
01:00 Altar of Darkness
01:48 Ziggurat
02:10 Tomb of Relics
03:46 Ziggurat
04:27 Halls of the Dead
06:22 Spirit Tower
06:24 Nerubian Tower
06:30 Ziggurat
07:07 Slaughterhouse
08:03 Ziggurat
08:53 Necropolis
11:06 Black Citadel
11:35 Spirit Tower
» items
Rod of Necromancy1
1 total

Chat log

(00:16 / All) Team3: gl you'll need it